 Dungeon Crawl Stone Soup version 0.32-a0-450-g080537f31e (webtiles) character file.

Game seed: 4028414988832770930

50632 inmateoo the Brawler (level 14, -12/88 HPs)
             Began as a Tengu Shapeshifter on Feb 23, 2024.
             Killed from afar by a fire dragon (16 damage)
             ... with a blast of flame
             ... on level 15 of the Dungeon.
             The game lasted 00:19:21 (21114 turns).

inmateoo the Brawler (Tengu Shapeshifter)          Turns: 21114, Time: 00:19:21

Health: -12/88     AC: 19    Str: 19    XL:     14   Next: 56%
Magic:  24/24      EV: 19    Int: 10    God:
Gold:   979        SH:  5    Dex: 15    Spells: 13/13 levels left

rFire   + .          .
                       - Unarmed
rCold   + . .        (no shield)
rNeg    . . .        t - +6 scale mail of Asel Pusch {rPois MP+9}
rPois   +            (helmet restricted)
rElec   .            a - +0 cloak
rCorr   .            h - +2 pair of gloves
SInv    .            (boots unavailable)
Will    +....        c - amulet of reflection
Stlth   +            q - ring of protection from cold
HPRegen 0.34/turn    o - ring of protection from fire
MPRegen 0.19/turn

%: reflection, acrobat
@: flying
A: beak, talons 3, evasive flight, acrobatic
a: no special abilities


You were on level 15 of the Dungeon.
You visited 2 branches of the dungeon, and saw 16 of its levels.

You collected 2070 gold pieces.
You spent 1091 gold pieces at shops.

Inventory:

Armour
 a - a +0 cloak (worn)
 h - a +2 pair of gloves (worn)
 t - the +6 scale mail of Asel Pusch (worn) {rPois MP+9}
   (You found it on level 6 of the Dungeon)

   rPois:     It protects you from poison MP+9: It affects your magic capacity
   (+9).
Jewellery
 c - an amulet of reflection (around neck)
 o - a ring of protection from fire (right hand)
 q - a ring of protection from cold (left hand)
 x - a +5 ring of evasion
 E - a ring of willpower
Talismans
 B - a serpent talisman
Wands
 d - a wand of iceblast (4)
 p - a wand of flame (43)
 w - a wand of acid (2)
 A - a wand of mindburst (15)
 C - a wand of polymorph (5)
Scrolls
 g - 7 scrolls of fear
 k - 4 scrolls of revelation
 l - 3 scrolls of amnesia
 m - 11 scrolls of teleportation
 n - a scroll of enchant armour
 y - a scroll of vulnerability
 G - a scroll of immolation
 I - a scroll of poison
Potions
 b - 2 potions of lignification
 e - 2 potions of invisibility
 f - 7 potions of curing
 i - 4 potions of enlightenment
 j - 5 potions of heal wounds
 r - 4 potions of mutation
 v - 5 potions of might
 z - 3 potions of cancellation {unknown}
 D - 4 potions of attraction {unknown}
 F - a potion of brilliance {unknown}
 H - a potion of resistance {unknown}
 J - a potion of haste {unknown}
Miscellaneous
 s - a tin of tremorstones (2/2)
 u - a phial of floods (inert)


   Skills:
 - Level 10.0 Fighting
 - Level 10.0 Armour
 - Level 12.0 Dodging
 - Level 4.0 Stealth
 - Level 15.0 Unarmed Combat
 + Level 10.9 Shapeshifting


You had 13 spell levels left.
You didn't know any spells.
Your spell library contained the following spells:

 Spells                   Type           Power      Damage    Failure   Level
 Apportation              Tloc           0%         N/A       67%         1
 Freeze                   Ice            0%         1d3       67%         1
 Magic Dart               Conj           0%         1d3       67%         1
 Shock                    Conj/Air       0%         1d3       67%         1
 Summon Small Mammal      Summ           0%         N/A       67%         1
 Blink                    Tloc           0%         N/A       80%         2
 Call Imp                 Summ           0%         N/A       80%         2
 Ensorcelled Hibernation  Hex/Ice        0%         N/A       80%         2
 Jinxbite                 Hex            0%         N/A       80%         2
 Call Canine Familiar     Summ           0%         N/A       95%         3
 Frozen Ramparts          Ice            0%         1d1       95%         3
 Hailstorm                Conj/Ice       0%         3d5       95%         3
 Passwall                 Erth           0%         N/A       95%         3
 Swiftness                Air            0%         N/A       95%         3
 Airstrike                Air            0%         2d(0-16)  100%        4
 Cause Fear               Hex            0%         N/A       100%        4
 Leda's Liquefaction      Alch/Erth      0%         N/A       100%        4
 Petrify                  Alch/Erth      0%         N/A       100%        4
 Summon Blazeheart Golem  Fire/Summ      0%         N/A       100%        4
 Alistair's Intoxication  Alch           0%         N/A       100%        5
 Fireball                 Conj/Fire      0%         3d3       100%        5
 Metabolic Englaciation   Hex/Ice        0%         N/A       100%        5
 Dragon's Call            Summ           0%         N/A       100%        9


Dungeon Overview and Level Annotations

Branches:
Dungeon (15/15)            Temple (1/1) D:4            Lair (0/5) D:10
    Orc (0/2) D:9          Vaults (0/5) D:14
 Depths: D:15

Altars:
Ashenzari
Cheibriados
Dithmenos
Elyvilon
Fedhas
Gozag
Hepliaklqana
Kikubaaqudgha
Makhleb
Nemelex Xobeh
Okawaru
Qazlal
Ru
Sif Muna
Trog
Uskayaw
Vehumet
Wu Jian
Xom
Yredelemnul
Zin
The Shining One

Shops:
D:1 =   D:5 ?[=::   D:6 :   D:11 (

Portals:
Trove: D:15 (show abyssal rune of Zot)

Annotations:
D:6 exclusion: door
D:12 2 runed translucent doors
D:13 2 exclusions


Innate Abilities, Weirdness & Mutations

You have a beak for a mouth.
You have claws for feet.
Your magical flight helps you evade attacks. (EV +4)
You can magically evade attacks while moving or waiting.


Message History

You claw the ice dragon, but do no damage.
You peck the ice dragon. You punch the ice dragon.
The ice dragon is moderately wounded.
The ice dragon bites you!
The ice dragon claws you but does no damage.
The ice dragon tramples you.
You are shoved backwards!
You punch the ice dragon!
The ice dragon is heavily wounded.
You closely miss the fire dragon. You claw the fire dragon.
The fire dragon is lightly wounded.
You barely miss the ice dragon. You claw the ice dragon.
You punch the ice dragon!
The ice dragon is severely wounded.
The ice dragon breathes frost at you. The blast of cold hits you!! You resist.
The fire dragon breathes flames at you. The blast of flame hits you!
You resist.
* * * LOW HITPOINT WARNING * * *
You punch the fire dragon! You claw the fire dragon!
You peck the fire dragon, but do no damage.
You punch the fire dragon.
The fire dragon is moderately wounded.
The fire dragon completely misses you. The fire dragon closely misses you.
The fire dragon tramples you but does no damage.
The ice dragon completely misses you. The ice dragon claws you!
* * * LOW HITPOINT WARNING * * *
The ice dragon tramples you but does no damage.
You are too injured to fight recklessly!
You completely miss the fire dragon.
You claw the fire dragon, but do no damage.
You peck the fire dragon, but do no damage.
The fire dragon is moderately wounded.
The ice dragon closely misses you.
The ice dragon claws you but does no damage.
The ice dragon tramples you.
* * * LOW HITPOINT WARNING * * *
You hold your ground!
The fire dragon breathes flames at you. The blast of flame hits you!
You resist.
You die...

.∩.≈..###..##.# ##..†##
...≈..# #..##.# ##'##
≈≈≈≈.## #..##.# #.#
.....# #...#.# #.#
.#.### #.#.#.# ##.##
...# ######## ##...##
##### ...# #$$$$.#
#.....# #.... ####
.......##### ##..<##
#.### #..D@.## ##.## #.#
.......##D..####.#####.#
#$$$$.###.ß..##........#
###### #......##.#######
##...####.# ##...# #.#
###.# #.# #.###.###
#.......#


You could see a fire dragon (catching breath) and an ice dragon.

Vanquished Creatures
  2 fire dragons
  A yaktaur captain (D:14)
  The ghost of Lurud the Cleaver, a journeyman FoFi of Ru (D:9)
  4 hydras
  2 vault guards (D:14)
  4 centaur warriors (D:14)
  3 boulder beetles
  3 two-headed ogres
  A hell knight (D:13)
  Sonja (D:12)
  8 skeletal warriors
  5 arcanists
  A wolf spider zombie (D:14)
  A necromancer (D:14)
  2 deep elf pyromancers
  A wolf spider (D:12)
  9 ugly things
  Maurice (D:9)
  6 cyclopes
  3 manticores
  5 centaur zombies (D:14)
  A black mamba (shapeshifter) (D:13)
  A kobold demonologist (D:10)
  2 gargoyles
  An unseen horror (D:10)
  3 tengu conjurers
  5 trolls
  16 slime creatures
  3 shadows
  A centaur simulacrum (D:14)
  A vampire (D:12)
  A wyvern (D:8)
  2 wraiths
  2 hogs (D:11)
  20 humans
  8 yaks
  12 vampire mosquitoes
  A steam dragon (D:8)
  A warg (D:9)
  Menkaure (D:6)
  Edmund (D:6)
  An acid dragon (D:10)
  3 hell hounds (D:13)
  A water moccasin (D:6)
  8 orc warriors
  A sky beast (D:6)
  A black bear (D:6)
  4 ice beasts
  2 ogres
  2 wolves (D:9)
  13 centaurs
  4 bullfrogs
  2 scorpions
  Blork the orc (D:6)
  A gnoll sergeant (D:11)
  5 killer bees (D:9)
  A bombardier beetle (D:6)
  9 howler monkeys
  4 electric eels (D:11)
  7 hounds
  6 orc priests
  2 jellies
  2 gnoll boudas
  2 sleepcaps
  6 iguanas
  10 orc wizards
  9 gnolls
  14 adders
  2 shadow imps (D:6)
  2 white imps
  An ufetubus (D:6)
  A dart slug (D:4)
  3 ribbon worms
  44 orcs
  9 endoplasms
  4 giant cockroaches
  7 goblins
  7 hobgoblins
  6 jackals
  2 quokkas
  6 ball pythons
  2 bats
  2 frilled lizards (D:1)
  6 kobolds
  9 rats
381 creatures vanquished.

Vanquished Creatures (collateral kills)
  A hog (D:11)
  A centaur (D:12)
2 creatures vanquished.

Vanquished Creatures (others)
  An orc wizard (D:8)
1 creature vanquished.

Grand Total: 384 creatures vanquished

Notes
Turn   | Place    | Note
-------+----------+-------------------------------------------
     0 | D:1      | inmateoo the Tengu Shapeshifter began the quest for the
                  | Orb.
     0 | D:1      | Reached XP level 1. HP: 12/12 MP: 2/2
    99 | D:1      | Reached XP level 2. HP: 16/16 MP: 3/3
   109 | D:1      | Reached skill level 1 in Stealth
   153 | D:1      | Found Welan's Jewellery Emporium.
   205 | D:1      | Reached XP level 3. HP: 18/20 MP: 4/4
   736 | D:2      | Reached XP level 4. HP: 17/26 MP: 5/5
  1382 | D:2      | Found a faded altar of an unknown god.
  1557 | D:3      | Reached XP level 5. HP: 21/30 MP: 6/6
  1627 | D:3      | Reached skill level 4 in Unarmed Combat
  2060 | D:4      | Found a staircase to the Ecumenical Temple.
  2084 | Temple   | Entered the Ecumenical Temple
  2289 | D:4      | Reached XP level 6. HP: 15/36 MP: 7/7
  2907 | D:4      | Found a bloodstained altar of Trog.
  3135 | D:5      | Entered Level 5 of the Dungeon
  3153 | D:5      | Gained mutation: Your magical flight helps you evade
                  | attacks. (EV +4) [Tengu growth]
  3153 | D:5      | Reached XP level 7. HP: 41/41 MP: 8/8
  3256 | D:5      | Found Daihisoa's Book Shop.
  3295 | D:5      | Found Adag's Book Shop.
  3536 | D:5      | Found Poesor's Jewellery Shoppe.
  3597 | D:5      | Reached skill level 5 in Unarmed Combat
  3628 | D:5      | Found Furotug's Antique Armour Shoppe.
  3673 | D:5      | Found Sitagioh's Magic Scroll Boutique.
  4101 | D:6      | Noticed Edmund
  4105 | D:6      | Noticed Blork the orc
  4117 | D:6      | Killed Blork the orc
  4121 | D:6      | Killed Edmund
  4122 | D:6      | Reached XP level 8. HP: 34/48 MP: 9/9
  4249 | D:6      | Identified the +6 scale mail of Asel Pusch {rPois MP+9}
  4263 | D:6      | Found a glowing silver altar of Zin.
  4385 | D:6      | Reached skill level 1 in Armour
  4385 | D:6      | Reached skill level 6 in Unarmed Combat
  4655 | D:6      | Reached skill level 5 in Fighting
  4655 | D:6      | Reached skill level 5 in Shapeshifting
  4661 | D:6      | HP: 1/73 [black bear (4)]
  4824 | D:6      | Reached XP level 9. HP: 39/54 MP: 10/10
  4833 | D:6      | Reached skill level 7 in Unarmed Combat
  5687 | D:6      | Noticed Menkaure
  5700 | D:6      | Killed Menkaure
  5730 | D:6      | Found Tiwk's Tiny Tomes.
  5745 | D:6      | Found a white marble altar of Elyvilon.
  5899 | D:7      | Reached skill level 5 in Armour
  5910 | D:7      | Reached skill level 8 in Unarmed Combat
  6145 | D:7      | Found a shadowy altar of Dithmenos.
  6326 | D:7      | Reached XP level 10. HP: 59/60 MP: 11/11
  6675 | D:8      | Reached skill level 9 in Unarmed Combat
  7291 | D:9      | Found a staircase to the Orcish Mines.
  7601 | D:9      | Found a sacrificial altar of Ru.
  7829 | D:9      | Noticed Maurice
  7833 | D:9      | Something stole a serpent talisman
  7915 | D:9      | Something stole an amulet of magic regeneration
  7926 | D:9      | Something stole 376 gold
  7927 | D:9      | Something stole 92 gold
  8126 | D:9      | Reached skill level 10 in Unarmed Combat
  8304 | D:9      | Maurice stole 199 gold
  8312 | D:9      | Killed Maurice
  8656 | D:9      | Found a runed translucent gate.
  8657 | D:9      | Found a runed translucent gate.
  8658 | D:9      | Found a runed translucent gate.
  8660 | D:9      | Noticed Lurud's ghost (journeyman FoFi)
  8676 | D:9      | Noticed a two-headed ogre
  8682 | D:9      | Killed a two-headed ogre
  8683 | D:9      | Reached skill level 11 in Unarmed Combat
  8683 | D:9      | Reached XP level 11. HP: 37/69 MP: 12/12
  9335 | D:9      | Killed Lurud's ghost
  9398 | D:10     | Entered Level 10 of the Dungeon
  9398 | D:10     | Found a broken altar of Ashenzari.
 10106 | D:10     | Found a burning altar of Makhleb.
 10106 | D:10     | Noticed a blizzard demon
 10158 | D:10     | Found a staircase to the Lair.
 10220 | D:9      | Reached skill level 5 in Dodging
 10294 | D:10     | Noticed a two-headed ogre
 10307 | D:10     | Killed a two-headed ogre
 10508 | D:10     | Found a radiant altar of Vehumet.
 11103 | D:11     | Found Hayri's Antique Weapon Emporium.
 11764 | D:11     | Noticed a purple ugly thing
 11774 | D:11     | Killed a purple ugly thing
 11876 | D:11     | Noticed a deep elf pyromancer
 11885 | D:11     | Killed a deep elf pyromancer
 11886 | D:11     | Reached skill level 12 in Unarmed Combat
 12330 | D:5      | Bought a scroll of acquirement for 676 gold pieces
 12330 | D:5      | Acquired 990 gold pieces
 12332 | D:5      | Bought a scroll of teleportation for 39 gold pieces
 12332 | D:5      | Bought a scroll of teleportation for 39 gold pieces
 12332 | D:5      | Bought a scroll of teleportation for 39 gold pieces
 12332 | D:5      | Bought a scroll of identify for 26 gold pieces
 12332 | D:5      | Bought a scroll of summoning for 123 gold pieces
 12332 | D:5      | Bought a scroll of enchant armour for 97 gold pieces
 12332 | D:5      | Bought a scroll of fear for 52 gold pieces
 12500 | D:12     | Noticed a white ugly thing
 12698 | D:11     | Killed a white ugly thing
 12699 | D:11     | Reached XP level 12. HP: 33/77 MP: 13/13
 12844 | D:12     | Noticed Sonja
 12957 | D:12     | Killed Sonja
 12958 | D:12     | Reached skill level 10 in Fighting
 13502 | D:12     | Found a runed translucent door.
 13502 | D:12     | Noticed a six-headed hydra
 13504 | D:12     | Noticed a boulder beetle
 13505 | D:12     | Noticed a centaur warrior
 13506 | D:12     | Noticed a yaktaur captain
 13521 | D:12     | Killed a six-headed hydra
 13691 | D:12     | Found a runed translucent door.
 13846 | D:12     | a moth of wrath changed into a boulder beetle
 13846 | D:12     | Noticed a boulder beetle (glowing shapeshifter)
 13853 | D:12     | a boulder beetle changed into a sea snake
 13855 | D:12     | a sea snake changed into a shock serpent
 13855 | D:12     | Noticed a shock serpent (glowing shapeshifter)
 13863 | D:12     | a shock serpent changed into a steelbarb worm
 13940 | D:13     | Noticed a boulder beetle
 14139 | D:13     | Noticed a boulder beetle
 14190 | D:13     | Killed a boulder beetle
 14518 | D:13     | Noticed a two-headed ogre
 14524 | D:13     | Killed a two-headed ogre
 14838 | D:13     | Reached skill level 13 in Unarmed Combat
 15011 | D:13     | Killed a boulder beetle
 15320 | D:13     | Identified the +0 pair of boots "Damnable Contraption"
                  | {rElec rC+ Dex+3}
 15381 | D:13     | Noticed a hell knight
 15394 | D:13     | Killed a hell knight
 15395 | D:13     | Reached XP level 13. HP: 35/82 MP: 14/14
 16738 | D:13     | Reached skill level 10 in Armour
 17387 | D:14     | Noticed a fire dragon
 17407 | D:14     | Killed a fire dragon
 17408 | D:14     | Reached skill level 14 in Unarmed Combat
 17644 | D:14     | Noticed a yaktaur captain
 17650 | D:14     | Noticed a fire dragon
 17652 | D:14     | Killed a yaktaur captain
 17653 | D:14     | Reached skill level 10 in Dodging
 18015 | D:13     | Killed a fire dragon
 18616 | D:14     | Reached XP level 14. HP: 72/88 MP: 15/15
 18684 | D:14     | Identified the orb "Laodghu" {guile, *Slow rF++ Int+5}
 19352 | D:14     | Reached skill level 10 in Shapeshifting
 19644 | D:14     | Reached skill level 15 in Unarmed Combat
 19795 | D:14     | Found a gate to the Vaults.
 20279 | D:15     | Entered Level 15 of the Dungeon
 20488 | D:15     | Found a portal to a secret trove of treasure.
 20554 | D:15     | Found a shimmering altar of Xom.
 21114 | D:15     | HP: 4/88 [ice dragon (1)]
 21114 | D:15     | Killed from afar by a fire dragon

Illustrated notes

Levels and vault maps discovered:
D:1:      dpeg_arrival_simpleton_a, layout_loops_cross, serial_shops, shop,
          minmay_misc_feat_more_columns, hangedman_decor_clover_reticule
D:2:      minmay_diamond_boxcup, layout_basic, ebering_ecumenical_altar_mist,
          corner_web_ring, glass_columns_a
D:3:      layout_rooms, nrook_campfire, minivault_23
D:4:      layout_basic, lemuel_doored_altar, minmay_temple_entry_junction,
          nicolae_zig_zag_zippers
D:5:      layout_loops_corners, serial_shops, nicolae_shop_rolling_square, shop,
          nicolae_shop_temple_entry_statues_fountains, nicolae_shop_tiny_glass,
          shop
D:6:      kennysheep_windowed_halls, layout_rooms, mainiacjoe_overflow_24_doors,
          kennysheep_little_box, minmay_misc_feat_encased,
          nicolae_shop_i_like_small_books_too, uniq_blork_the_orc,
          uniq_menkaure, uniq_edmund
D:7:      layout_loops_ring, mainiacjoe_overflow_cross_hatched,
          dreamdust_gnoll_shepherd
D:8:      layout_loops_ring
D:9:      layout_layer_cave, mainiacjoe_overflow_concentric_impassable,
          orc_0_dummy, ebering_ghost_rock_garden, uniq_maurice
D:10:     layout_layer_cave, makhleb_altar_promises_db, vehumet_crystals,
          mainiacjoe_overflow_chevrons, erik_lair_orcish_takeover
D:11:     layout_basic, serial_shops, shop_fountains, grunt_livestock,
          billiards_dpeg
D:12:     minmay_expanding_circles, layout_cave_pools, uniq_sonja
D:13:     layout_roguey, minmay_rotating_lava
D:14:     minmay_complete_graph, layout_basic, grunt_vaults_entry_tiered,
          hex_medium, serial_undead, serial_undead_a, serial_undead_a,
          serial_undead_f, serial_undead_c
D:15:     grunt_enter_depths_hoard, layout_loops_corners,
          nicolae_trove_entry_isolated, xom_teletrap_fun
Temple:   eino_temple_lava

Skill      XL: |  1  2  3  4  5  6  7  8  9 10 11 12 13 14 |
---------------+-------------------------------------------+-----
Stealth        | 1 2 3 4 |  4.0
Fighting       | 2 3 4 5 6 8 9 10 | 10.0
Shapeshifting  | 3 4 5 6 7 8 9 10 | 10.9
Dodging        | 3 4 6 8 10 12 | 12.0
Unarmed Combat | 4 5 6 8 11 12 13 14 15 | 15.0
Armour         | 3 6 7 9 10 | 10.0

Action                     |  1- 3 |  4- 6 |  7- 9 | 10-12 | 13-15 || total
---------------------------+-------+-------+-------+-------+-------++-------
  Melee: Unarmed           |    50 |   139 |   271 |   655 |   585 ||  1700
         Kick              |    15 |    32 |   106 |   242 |   267 ||   662
         Peck              |     5 |    20 |    62 |   151 |   166 ||   404
         Punch             |     1 |     4 |    13 |    44 |    68 ||   130
  Evoke: Wand              |       |       |       |     6 |       ||     6
         Phial of floods   |       |       |       |     1 |     1 ||     2
    Use: Scroll            |       |       |     9 |    12 |     1 ||    22
         Potion            |       |       |     2 |     3 |       ||     5
   Stab: Sleeping          |     2 |     8 |     2 |       |       ||    12
         Distracted        |       |     1 |       |     1 |     1 ||     3
 Armour: Animal skin       |    17 |    42 |       |       |       ||    59
         Leather armour    |       |       |    20 |       |       ||    20
         Scale mail        |       |       |   111 |   475 |   439 ||  1025
         Skin              |       |       |    28 |    25 |       ||    53
  Dodge: Dodged            |    20 |    87 |   271 |   615 |   523 ||  1516
  Block: Other             |       |       |       |    20 |   119 ||   139
         Reflection        |       |       |       |       |    11 ||    11
         Form:             |       |       |     1 |       |       ||     1
         Flux              |       |       |     1 |       |       ||     1

Table legend: (Time is in decaauts)
 A = Elapsed time spent in this place.
 B = Non-inter-level travel time spent in this place.
 C = Inter-level travel time spent in this place.
 D = Time resting spent in this place.
 E = Time spent auto-exploring this place.
 F = Levels seen in this place.
 G = Mean time per level.
                   A        B        C        D        E       F      G
               +--------+--------+--------+--------+--------+-----+--------+
         Total |  20790 |  20172 |    618 |   7544 |   9043 |  16 | 1299.4 |
       Dungeon |  20744 |  20126 |    618 |   7503 |   9043 |  15 | 1382.9 |
        Temple |     46 |     46 |      0 |     41 |      0 |   1 |   46.0 |
               +--------+--------+--------+--------+--------+-----+--------+

Top non-repeatable levels by time:
    D:13: 3376 daAuts
    D:14: 2697 daAuts
     D:9: 2243 daAuts
     D:6: 1809 daAuts
    D:11: 1664 daAuts
    D:10: 1517 daAuts
    D:12: 1139 daAuts
     D:4: 1060 daAuts
     D:5: 938 daAuts
     D:2: 935 daAuts
    D:15: 809 daAuts
     D:7: 796 daAuts
     D:8: 678 daAuts
     D:1: 596 daAuts
     D:3: 480 daAuts
